cohdb
Replays
Latest Replays
All Replays
Popular Replays
Top Player Replays
Match Explorer
How It Works
Community
CoH3 Stats
Reddit
Sign in to upload your games and track your stats! →
Sign in with Steam
Match 43481178
Unlisted
Match 43481178
Overview
Messages
Build Orders
End
Construct Infanterie Kompanie
MG 42 Machine Gun Team
Grenadier Squad
GrW 34 Mortar Team
Selects Italian Coastal Battlegroup
Construct Luftwaffe Kompanie
Medical Bunker
Flak 30 Anti-aircraft Gun Team
Luftwaffe Officer Quarters
Jäger Squad
Selects Coastal Reserves
Selects Artillery Officer
Artillery Officer
Construct Panzer Kompanie
Pioneer Squad
Selects Obice da 210/22 Artillery Emplacement
Stoßtruppen Squad
Panzer Officer Quarters
Artillery Officer
Selects Support Bunkers
Selects Designated Artillery Overwatch
Panzer IV Medium Tank
Selects Bulwark
Repair Bunker
Panzer IV Medium Tank
THE one-冰封夕阳
喊乌拉的德棍123
GAGE
lanyangyang
快乐虎
嫂子开门我是我哥
Jeremy
JT
0
0
Comments
sign in to comment!
No comments posted yet!